AoeStats
← eloycorsob

Lombardia

509401706Analyzed
4v4 RM · 7d ago on Sep 26, 2026· 72m 33s· 8 players
Game mode
Random Map
Map size
Large (8 player)
Population
200
Speed
Normal
Resources
Standard
Victory
Conquest
Starting age
Dark Age
Ending age
Imperial Age
RankedLock teamsTeams togetherTeam positionsShared explorationLock speedFull tech treeHidden civsTurbo modeCheats
Victory
Defeat
🇩🇪 Vietnamese · Germany
732
+8
🇫🇷 Jurchens · France
650
+11
🇩🇪 Khmer · Germany
617
+13
🇪🇸 Hindustanis · Spain
589
+14
🇧🇷 Romans · Brazil
585
-13
🇵🇪 Celts · Peru
534
-11
🇹🇼 Franks · Taiwan
534
-11
🇺🇸 Burgundians · United States
527
-11
julien315550
0:38 Loom
12:09 Feudal Age
12:38 Double-Bit Axe
12:41 Horse Collar
13:38 Wheelbarrow
17:31 Stone Mining
22:46 Town Watch
26:13 Castle Age
25:41 Gold Mining
31:33 Hand Cart
31:26 Heavy Plow
38:02 Stone Shaft Mining
38:03 Gold Shaft Mining
39:26 Caravan
39:56 Coinage
44:37 Scale Barding Armor
44:33 Scale Mail Armor
44:43 Forging
45:19 Fortified Bastions
46:55 Chain Mail Armor
47:01 Chain Barding Armor
47:33 Husbandry
47:48 Bloodlines
48:21 Iron Casting
50:19 Imperial Age
51:26 Bow Saw
51:59 Banking
51:40 Guilds
52:14 Crop Rotation
52:27 Elite Iron Pagoda
53:29 Conscription
53:10 Elite Steppe Lancer
56:49 Blast Furnace
56:25 Plate Barding Armor
zeitbinder
0:35 Loom
17:33 Feudal Age
19:29 Wheelbarrow
22:44 Castle Age
20:33 Double-Bit Axe
23:03 Bloodlines
22:35 Horse Collar
22:52 Gold Mining
23:31 Husbandry
24:59 Heavy Plow
25:14 Bow Saw
26:05 Hand Cart
26:50 Town Watch
27:39 Caravan
28:00 Scale Barding Armor
28:05 Forging
28:18 Stone Mining
29:04 Gold Shaft Mining
29:40 Stone Shaft Mining
34:10 Iron Casting
33:56 Chain Barding Armor
35:15 Town Patrol
40:36 Imperial Age
42:25 Double Crossbow
42:45 Conscription
43:44 Tusk Swords
43:22 Elite Ballista Elephant
45:49 Hoardings
48:14 Blast Furnace
47:50 Plate Barding Armor
50:46 Chemistry
49:58 Fortified Wall
marekoeln
13:26 Feudal Age
13:58 Double-Bit Axe
13:58 Horse Collar
15:40 Loom
20:25 Castle Age
18:52 Forging
22:37 Bow Saw
23:06 Wheelbarrow
22:17 Town Watch
26:27 Hand Cart
26:13 Town Patrol
28:22 Gold Mining
28:24 Stone Mining
28:46 Bloodlines
28:38 Husbandry
28:47 Scale Barding Armor
35:52 Imperial Age
34:36 Fortified Wall
34:46 Chatras
35:18 Heavy Plow
36:38 Caravan
39:38 Iron Casting
39:25 Chain Barding Armor
39:05 Padded Archer Armor
38:56 Fletching
38:31 Crossbowman
39:17 Thumb Ring
40:14 Paper Money
41:56 Elite Battle Elephant
43:20 Plate Barding Armor
43:11 Leather Archer Armor
45:50 Hoardings
45:07 Elite Rattan Archer
56:11 Ballistics
56:53 Chemistry
62:26 Two-Man Saw
65:25 Light Cavalry
69:11 Ring Archer Armor
68:37 Bodkin Arrow
70:28 Coinage
eloycorsob
7:38 Loom
7:46 Loom
12:12 Feudal Age
14:33 Wheelbarrow
14:48 Double-Bit Axe
14:46 Horse Collar
22:05 Bloodlines
26:29 Castle Age
26:42 Stone Mining
27:22 Caravan
27:57 Husbandry
27:33 Light Cavalry
28:19 Heavy Plow
29:54 Town Watch
30:24 Hand Cart
31:25 Gold Mining
32:10 Stone Shaft Mining
33:39 Grand Trunk Road
33:46 Grand Trunk Road
34:25 Ballistics
36:10 Pikeman
41:23 Masonry
44:14 Imperial Age
44:59 Gold Shaft Mining
49:09 Chemistry
47:37 Heavy Camel Rider
48:23 Shatagni
47:45 Elite Ghulam
51:09 Forging
50:59 Scale Mail Armor
51:04 Scale Barding Armor
50:56 Fletching
51:07 Padded Archer Armor
51:33 Scale Barding Armor
51:28 Padded Archer Armor
55:42 Coinage
57:34 Imperial Camel Rider
60:06 Hoardings
60:49 Conscription
63:09 Thumb Ring
65:04 Chain Barding Armor
65:00 Chain Mail Armor
65:20 Iron Casting
64:40 Bodkin Arrow
68:09 Elite Skirmisher
69:48 Iron Casting
69:28 Chain Mail Armor
69:34 Imperial Skirmisher
71:32 Siege Elephant
Schweats87
0:53 Loom
10:37 Wheelbarrow
13:34 Feudal Age
12:02 Double-Bit Axe
13:40 Horse Collar
17:27 Hand Cart
17:14 Gold Mining
18:24 Bow Saw
18:30 Bow Saw
19:12 Heavy Plow
23:54 Castle Age
22:56 Gold Shaft Mining
22:52 Stone Mining
23:47 Fletching
24:08 Forging
23:59 Scale Mail Armor
24:49 Stone Shaft Mining
25:36 Pikeman
26:18 Squires
25:44 Elite Skirmisher
26:26 Bodkin Arrow
30:06 Two-Man Saw
30:45 Crop Rotation
32:27 Chain Mail Armor
32:48 Iron Casting
33:36 Burgundian Vineyards
37:39 Imperial Age
36:35 Masonry
36:52 Ballistics
38:03 Arson
39:35 Chemistry
40:02 Caravan
40:41 Plate Mail Armor
40:19 Scale Barding Armor
41:15 Hoardings
43:37 Husbandry
42:59 Cavalier
45:17 Halberdier
46:22 Bracer
48:33 Paladin
52:25 Blast Furnace
51:46 Chain Barding Armor
52:03 Elite Coustillier
54:49 Town Watch
54:52 Treadmill Crane
55:47 Architecture
55:59 Plate Barding Armor
56:13 Guilds
58:04 Padded Archer Armor
63:21 Leather Archer Armor
63:11 Murder Holes
67:47 Capped Ram
Med
2:49 Loom
10:37 Feudal Age
15:32 Double-Bit Axe
15:35 Horse Collar
17:12 Stone Mining
18:57 Gold Mining
23:54 Castle Age
23:41 Fletching
23:52 Padded Archer Armor
24:00 Scale Barding Armor
24:07 Forging
24:11 Town Watch
24:52 Bow Saw
25:41 Wheelbarrow
24:57 Crossbowman
25:40 Elite Skirmisher
29:34 Heavy Plow
31:04 Masonry
30:49 Murder Holes
35:58 Imperial Age
36:48 Gold Shaft Mining
37:39 Conscription
38:18 Light Cavalry
39:08 Bloodlines
38:59 Husbandry
39:29 Chain Barding Armor
39:01 Heavy Scorpion
39:10 Cavalier
41:31 Hand Cart
44:47 Elite Centurion
52:49 Ballistas
56:47 Comitatenses
Snakedark5652
0:37 Loom
jp1363
10:44 Loom
12:57 Feudal Age
13:48 Double-Bit Axe
13:58 Gold Mining
16:46 Scale Barding Armor
17:40 Forging
18:34 Wheelbarrow
18:50 Fletching
22:41 Castle Age
20:53 Fletching
23:43 Chain Barding Armor
23:26 Husbandry
23:43 Bow Saw
27:12 Iron Casting
27:35 Gold Shaft Mining
28:15 Hand Cart
29:41 Town Watch
29:57 Bodkin Arrow
34:36 Imperial Age
33:30 Padded Archer Armor
33:17 Treadmill Crane
33:58 Ballistics
35:46 Conscription
35:15 Cavalier
36:35 Plate Barding Armor
38:07 Chivalry
40:07 Paladin
44:05 Blast Furnace
55:50 Caravan
64:22 Hoardings
72:48 Chemistry
Connection lost

Rejoining the realm…

Still unreachable

The connection could not be restored.

Session expired

The server has moved on; the page needs a fresh start.